 Dungeon Crawl Stone Soup version 0.30-a0-172-gc5509c9e31 (webtiles) character file.

Game seed: 17251418629308769468

94 qw the Chopper (level 4, -5/28 HPs)
             Began as a Gargoyle Fighter on Oct 1, 2022.
             Killed by divine providence
             ... invoked by an orc priest
              (15 damage)
             ... on level 3 of the Dungeon.
             The game lasted 00:00:41 (1525 turns).

qw the Chopper (Gargoyle Fighter)                   Turns: 1525, Time: 00:00:41

Health: -5/28      AC: 10    Str: 21    XL:     4   Next: 63%
Magic:  4/4        EV:  9    Int:  9    God:
Gold:   103        SH:  4    Dex:  9    Spells: 3/3 levels left

rFire   . . .      SeeInvis .    Y - +0 war axe
rCold   . . .      Faith    .    c - +0 buckler
rNeg    + . .      Spirit   .    b - +0 scale mail
rPois   inf        Reflect  .    (no helmet)
rElec   +          Harm     .    (no cloak)
rCorr   .          Rampage  .    (no gloves)
Will    .....                    (no boots)
Stlth   ..........               (no amulet)
HPRegen 0.24/turn                (no ring)
MPRegen 0.09/turn                (no ring)

@: no status effects
A: sickness immunity, AC +3, negative energy resistance 1, electricity
resistance, torment resistance 1, petrification resistance
a: no special abilities


You were on level 3 of the Dungeon.
You visited 1 branch of the dungeon, and saw 3 of its levels.

You collected 103 gold pieces.


Innate Abilities, Weirdness & Mutations

You are immune to sickness and miasma.
Your stone body is resilient. (AC +3)
You are immune to poison.
You resist negative energy. (rN+)
You are resistant to electric shocks. (rElec)
You are resistant to unholy torment.
You are immune to petrification.


   Skills:
 - Level 3.2 Fighting
 + Level 4.3 Axes
 - Level 3.2 Armour
 - Level 3.2 Shields


You had 3 spell levels left.
You didn't know any spells.
Your spell library was empty.

Inventory:

Hand Weapons
 e - a +0 club
 Y - a +0 war axe (weapon)
Armour
 b - a +0 scale mail (worn)
 c - a +0 buckler (worn)
Scrolls
 a - a scroll of teleportation
Potions
 d - 2 potions of might
 g - a potion of heal wounds {unknown}

Dungeon Overview and Level Annotations

Branches:
Dungeon (3/15)

Altars:


Message History

You slash the adder!
You kill the adder!
An orc priest comes into view. It is wielding a +0 mace.
1508 ||| Stepping ~*~*~tactically~*~*~ (stealth).
You start resting.
HP restored.
An orc priest and an orc wizard come into view.
The orc priest shouts!
1518 ||| Stepping ~*~*~tactically~*~*~ (hiding).
An orc comes into view. It is wielding a +0 mace.
The orc shouts!
You slash the orc wizard!
The orc wizard is almost dead.
The orc wizard hits you but does no damage.
You barely miss the orc wizard.
The orc wizard is almost dead.
The orc wizard casts a spell at you. The puff of flame hits you.
The orc priest calls down the wrath of Beogh upon you.
Beogh smites you!
Ouch! That really hurt!
The orc wizard gestures wildly while chanting.
The orc wizard flickers and vanishes!
Deactivating autopickup; reactivate with Ctrl-A.
You barely miss something. Something hits you but does no damage.
You miss something. Something hits you but does no damage.
You closely miss the orc. You block the orc's attack.
You slash the orc!
You kill the orc!
You miss something.
You hear some strange, mumbled words.
A puff of flame appears from out of thin air!
The puff of flame hits you.
The orc priest invokes the aid of Beogh against you.
Beogh smites you!
Ouch! That really hurt!
You die...

.. .. #.## ..# ..# #
#o####..# #){.....#
###@.# #.# +....# #.#
###..# #.# #..## #.#
#######...###.#######
..(..................
##S####...##.########
#.# ##.###.# #.# #.#
#.#


You could see an orc priest.

Vanquished Creatures
  A gnoll (D:1)
  4 adders
  A dart slug (D:2)
  An orc (D:3)
  4 endoplasms
  5 giant cockroaches
  3 goblins
  6 hobgoblins
  A quokka (D:2)
  5 ball pythons
  4 bats
  6 frilled lizards
  4 kobolds
  A rat (D:1)
46 creatures vanquished.

Notes
Turn   | Place    | Note
-------+----------+-------------------------------------------
     0 | D:1      | qw the Gargoyle Fighter began the quest for the Orb.
     0 | D:1      | Reached XP level 1. HP: 14/14 MP: 1/1
     0 | D:1      | 0 ||| qw: Version: 0.2-a-13-gfc7b4b4
     0 | D:1      | 0 ||| qw: Game counter: 1764
     0 | D:1      | 0 ||| qw: Always use a shield: true
     0 | D:1      | 0 ||| qw: God list: Okawaru
     0 | D:1      | 0 ||| qw: Allow faded altars: false
     0 | D:1      | 0 ||| qw: Do Orc after D:15 true
     0 | D:1      | 0 ||| qw: Do second Lair branch before Depths: true
     0 | D:1      | 0 ||| qw: Lair rune preference: random
     0 | D:1      | 0 ||| qw: Plans: Normal, Zot:1-4, God:TSO, Crypt, Tomb,
                  | Pan, Slime:5, Hells, Abyss, Orb
     0 | D:1      | 0 ||| PLANNING D:1-11
    27 | D:1      | Reached skill level 2 in Axes
    53 | D:1      | Reached XP level 2. HP: 17/19 MP: 2/2
   264 | D:1      | Reached skill level 3 in Axes
   271 | D:1      | You fall into a shaft and drop 1 floor!
   300 | D:2      | Reached XP level 3. HP: 23/23 MP: 3/3
   363 | D:2      | 363 ||| DROPPING amulet of magic regeneration.
   364 | D:2      | 364 ||| READING scroll labelled RAHUAS UTUSEUR.
   371 | D:2      | 371 ||| FLEEEEING.
   372 | D:2      | 372 ||| STAIRDANCE
   844 | D:1      | 844 ||| DROPPING ring of wizardry.
   845 | D:1      | 845 ||| READING scroll labelled WITEHE ACSULAS.
   992 | D:2      | Reached XP level 4. HP: 28/28 MP: 4/4
  1029 | D:2      | 1029 ||| Stepping ~*~*~tactically~*~*~ (stealth).
  1030 | D:2      | 1030 ||| Stepping ~*~*~tactically~*~*~ (stealth).
  1067 | D:2      | Reached skill level 4 in Axes
  1436 | D:2      | 1436 ||| READING 2 scrolls labelled LOTSEPRAOR.
  1437 | D:2      | 1437 ||| READING scroll labelled ENNOYDD FUWYI.
  1438 | D:2      | 1438 ||| DROPPING scroll of butterflies.
  1494 | D:3      | 1494 ||| Stepping ~*~*~tactically~*~*~ (stealth).
  1497 | D:3      | 1497 ||| Stepping ~*~*~tactically~*~*~ (stealth).
  1508 | D:3      | 1508 ||| Stepping ~*~*~tactically~*~*~ (stealth).
  1518 | D:3      | 1518 ||| Stepping ~*~*~tactically~*~*~ (hiding).
  1525 | D:3      | Killed from afar by an orc priest

Levels and vault maps discovered:
D:1:      onia_arrival_pyramid, layout_basic, dreamdust_princess_corridor
D:2:      layout_basic
D:3:      layout_loops_ring, lemuel_zombie_altar_yredelemnul,
          lemuel_doored_altar, nicolae_overflow_hidden_temple

Skill      XL: |  1  2  3  4 |
---------------+-------------+-----
Axes           | 2 3 4 |  4.3
Fighting       | |  3.2
Armour         | |  3.2
Shields        | |  3.2

Action                   |  1- 3 |  4- 6 || total
-------------------------+-------+-------++-------
Melee: War axe           |   103 |    36 ||   139
  Use: Scroll            |     2 |     2 ||     4
Armor: Scale mail        |    52 |    18 ||    70
Dodge: Dodged            |    46 |    16 ||    62
Block: Buckler           |    25 |     8 ||    33

Table legend:
 A = Non-vault XP
 B = Vault XP
 C = Vault XP percentage of total XP
 D = Non-vault monster count
 E = Vault monster count
 F = Vault count percentage of total count
                 A         B        C        D         E       F
            +---------+---------+-------+---------+---------+-------
      Total |     138 |       0 |   0.0 |      46 |       0 |   0.0
            +---------+---------+-------+---------+---------+-------
        D:1 |      44 |       0 |   0.0 |      21 |       0 |   0.0
        D:2 |      75 |       0 |   0.0 |      21 |       0 |   0.0
        D:3 |      19 |       0 |   0.0 |       4 |       0 |   0.0
            +---------+---------+-------+---------+---------+-------
